 Dungeon Crawl Stone Soup version 0.29-a0-517-gbdf32494f2 (webtiles) character file.

Game seed: 1041879046013336697

3 xian the Gusty (level 1, -1/11 HPs)
             Began as an Octopode Air Elementalist on May 30, 2022.
             Slain by a quokka (5 damage)
             ... on level 1 of the Dungeon.
             The game lasted 00:00:52 (243 turns).

xian the Gusty (Octopode Air Elementalist)           Turns: 243, Time: 00:00:53

Health: -1/11      AC:  1    Str:  7    XL:     1   Next: 50%
Magic:  1/3        EV: 13    Int: 17    God:
Gold:   17         SH:  0    Dex: 12    Spells: 3/4 levels left

rFire   . . .      SeeInvis .   b - +0 dagger
rCold   . . .      Faith    .   (no shield)
rNeg    . . .      Spirit   .   (helmet restricted)
rPois   .          Reflect  .   (no amulet)
rElec   .          Harm     .   (no ring)
rCorr   .          Rampage  .   (no ring)
Will    .....                   (no ring)
Stlth   +++.......              (no ring)
HPRegen 0.03/turn               (no ring)
MPRegen 0.08/turn               (no ring)
                                (no ring)
                                (no ring)

@: no status effects
A: almost no armour, amphibious, 8 rings, camouflage 1, gelatinous body 1,
(nimble swimmer 1), tentacles
a: no special abilities


You were on level 1 of the Dungeon.
You visited 1 branch of the dungeon, and saw 1 of its levels.

You collected 17 gold pieces.

Inventory:

Hand Weapons
 b - a +0 dagger (weapon)
Potions
 a - a potion of magic


   Skills:
 + Level 2.0 Dodging
 + Level 2.6 Stealth
 + Level 2.0 Spellcasting
 + Level 1.2 Conjurations
 + Level 3.1 Air Magic


You had 3 spell levels left.
You knew the following spells:

 Your Spells              Type           Power      Damage    Failure   Level
a - Shock                 Conj/Air       36%        1d5       8%          1

Your spell library contained the following spells:

 Spells                   Type           Power      Damage    Failure   Level
 Static Discharge         Conj/Air       9%         N/A       12%         2
 Swiftness                Air            12%        N/A       16%         3
 Airstrike                Air            6%         N/A       47%         4


Dungeon Overview and Level Annotations

Branches:
Dungeon (1/15)

Altars:


Innate Abilities, Weirdness & Mutations

You cannot wear most types of armour.
You are amphibious.
You can wear up to eight rings at the same time.
Your skin changes colour to match your surroundings (Stealth+).
Your rubbery body absorbs attacks. (AC +1, EV +1)
((You are camouflaged when in or above water. (Stealth+)))
You have tentacles for arms and can constrict up to eight enemies at once.


Message History

You miscast Shock.
Nothing appears to happen.
You are too depleted to draw on your mana recklessly!
You hit the endoplasm but do no damage. You squeeze the endoplasm.
You kill the endoplasm!
Your magical contamination has completely faded away.
There is a faded altar of an unknown god here.
You open the door.
A goblin comes into view. It is wielding a +0 club.
The goblin shouts!
Found a cloak.
The zap misses the goblin.
The goblin hits you with a +0 club.
The zap misses the goblin.
The goblin closely misses you.
You hit the goblin. You grab the goblin.
The goblin is moderately wounded.
You constrict the goblin. The goblin barely misses you.
You hit the goblin.
You kill the goblin!
There is an open door, spattered with blood here.
Things that are here:
a +0 club; a goblin corpse You see here a +0 cloak.
A quokka comes into view.
You see here a +0 cloak.
c - a +0 cloak You aren't carrying any wearable armour.
Okay, then.
You drop a +0 cloak.
You can't see any susceptible monsters within range! (Use Z to cast anyway.)
The zap hits the quokka.
The quokka is moderately wounded.
The zap misses the quokka.
You are too depleted to draw on your mana recklessly!
The quokka bites you but does no damage.
The quokka bites you. The quokka attacks as you move away!
The quokka barely misses you. The quokka attacks as you move away!
The quokka bites you.
You see here a +0 cloak.
The quokka attacks as you move away! The quokka closely misses you.
The quokka bites you.
You die...

###.......#..≈#8.#.≈≈.###
.............≈#..#≈≈#.≈>.
##.......##.≈##≈≈≈≈#≈.##
#.......##..≈≈...≈≈≈.#
#.......###≈.#≈..≈≈+.#
##.#.#)## #≈.#_.≈≈≈+.#
#.#.#.# #≈≈#..≈.≈+≈# #
#.#.# #..#.≈..≈#.# #.#@#
#≈##..≈≈##≈# #.#r#
##≈#≈.#≈#≈≈.## #.#.#
#..#8.#≈.≈.... #.#.#
#..##≈#.###### ...##.#.#
#...≈.≈.# ........#
###.##### ........# #.#
##..#.#.# #.# ......#.#
#.#


You could see a quokka.

Vanquished Creatures
  An endoplasm (D:1)
  A goblin (D:1)
  A spectral kobold (D:1)
3 creatures vanquished.

Notes
Turn   | Place    | Note
-------+----------+-------------------------------------------
     0 | D:1      | xian the Octopode Air Elementalist began the quest for the
                  | Orb.
     0 | D:1      | Reached XP level 1. HP: 11/11 MP: 3/3
    74 | D:1      | Found a faded altar of an unknown god.
   243 | D:1      | Slain by a quokka

Illustrated notes

Levels and vault maps discovered:
D:1:      nzn_arrival_depleted_hourglass, layout_basic,
          dreamdust_ecumenical_altar_drowned_temple, chequers_avenue

Action                   || total
-------------------------++-------
Melee: Dagger            ||     3
       Constrict         ||     1
       Tentacles         ||     1
 Cast: Shock             ||     8
Armor: Skin              ||     1
Dodge: Dodged            ||     4

Table legend: (Time is in decaauts)
 A = Elapsed time spent in this place.
 B = Non-inter-level travel time spent in this place.
 C = Inter-level travel time spent in this place.
 D = Time resting spent in this place.
 E = Time spent auto-exploring this place.
 F = Levels seen in this place.
 G = Mean time per level.
                   A        B        C        D        E       F      G
               +--------+--------+--------+--------+--------+-----+--------+
         Total |    242 |    242 |      0 |      0 |    190 |   1 |  242.0 |
       Dungeon |    242 |    242 |      0 |      0 |    190 |   1 |  242.0 |
               +--------+--------+--------+--------+--------+-----+--------+

Top non-repeatable levels by time:
     D:1: 242 daAuts
